 Dungeon Crawl Stone Soup version 0.24.0-123-gd5b16e6ec5 (webtiles) character file.

Game seed: 906352130402203492, levelgen mode: deterministic

0 glosham the Skirmisher (level 1, -25/18 HPs)
             Began as a Mummy Abyssal Knight on Dec 23, 2019.
             Was a Follower of Lugonu.
             Annihilated by a tentacled starspawn (35 damage)
             ... on level 2 of the Abyss.
             The game lasted 00:01:58 (92 turns).

glosham the Skirmisher (Mummy Abyssal Knight)         Turns: 92, Time: 00:01:58

Health: -25/18     AC:  3    Str: 15    XL:     1   Next: 0%
Magic:  2/2        EV: 11    Int: 11    God:    Lugonu [*.....]
Gold:   58         SH:  0    Dex: 11    Spells: 0/0 levels left

rFire    x . .     SeeInvis .   a - +1 hand axe
rCold    + . .     Gourm    .   (no shield)
rNeg     + + +     Faith    .   b - +0 leather armour
rPois    ∞         Spirit   .   (no helmet)
rElec    .         Reflect  .   (no cloak)
rCorr    .         Harm     .   (no gloves)
MR       .....                  (no boots)
Stlth    +.........             (no amulet)
HPRegen  0.06/turn              (no ring)
MPRegen  0.08/turn              (no ring)

@: no status effects
A: no food or potions, fire vulnerability, cold resistance 1, negative energy
resistance 3, torment resistance, unbreathing
a: Depart the Abyss, Renounce Religion


You were on level 2 of the Abyss.
You worshipped Lugonu.
Lugonu was aware of your devotion.
You were not hungry.

You visited 0 branches of the dungeon, and saw 0 of its levels.
You visited the Abyss 1 time.

You collected 58 gold pieces.

Inventory:

Hand Weapons
 a - a +1 hand axe (weapon)
Armour
 b - a +0 leather armour (worn)


   Skills:
 - Level 3.0 Fighting
 * Level 1.5 Axes
 - Level 1.5 Armour
 - Level 0.7 Dodging
 - Level 1.5 Invocations


You couldn't memorise any spells.
You didn't know any spells.
Your spell library was empty.

Dungeon Overview and Level Annotations

Branches:
Dungeon (0/15)

Altars:


Innate Abilities, Weirdness & Mutations

You do not eat or drink.
Your flesh is vulnerable to fire.
You are immune to poison.
Your flesh is cold resistant. (rC+)
You are immune to negative energy. (rN+++)
You are immune to unholy pain and torment.
You can survive without breathing.


Message History

Found a gateway leading deeper into the Abyss.
There is a gateway leading deeper into the Abyss here.
You plunge deeper into the Abyss.
Found a bubbling red potion.
You see here a bubbling red potion.
Found a scroll labeled APHUFE YNEAW.
Found 58 gold pieces.
You see here a scroll labeled APHUFE YNEAW.
c - a scroll labeled APHUFE YNEAW
Found a ration.
You see here 58 gold pieces.
You now have 58 gold pieces.
As you read the scroll labeled APHUFE YNEAW, it crumbles to dust.
It is a scroll of identify.
You don't have any unidentified items.
A deep elf sorcerer comes into view. It is wielding a +0 rapier.
Found a dagger and 16 gold pieces.
The deep elf sorcerer shouts!
A tentacled starspawn comes into view.
A tentacle flies out from the starspawn's body!
A starspawn tentacle comes into view.
Tentacles burst from the starspawn's body! 2 starspawn tentacles come into view.
The deep elf sorcerer howls an incantation.
You feel troubled. The starspawn tentacle grabs you.
The starspawn tentacle constricts you.
The starspawn tentacle's grasp on you weakens, but your attempt to escape fails.
The starspawn tentacle loses its grip on you.
The tentacle pulls you backwards!
The starspawn tentacle closely misses you.
The starspawn tentacle grabs you. The starspawn tentacle constricts you.
A starspawn tentacle segment comes into view.
You escape the starspawn tentacle's grasp.
The deep elf sorcerer gestures wildly while chanting.
The deep elf sorcerer seems to speed up.
The starspawn tentacle grabs you. The starspawn tentacle constricts you.
You escape the starspawn tentacle's grasp.
The tentacled starspawn bites you!!
Ouch! That really hurt!
You die...

. #.# ... .#.. ...
. ..##......#.##.#
. #...##.###.#...#
.. #....#......#.#
#.#...──##......%
.##..<##\.e..#....#
#.X#.\..w.###.####
..w #..Xw#..# .
.#....#@#.## ..
#.#....#.# ..
#..#......
#.#.#.#..# # .
.#...# #... #... #.
.### .# .


You could see a tentacled starspawn, a deep elf sorcerer and 2 starspawn
tentacles.

Vanquished Creatures (others)
  2 starspawn tentacles (Abyss:2)
2 creatures vanquished.

Notes
Turn   | Place    | Note
-------+----------+-------------------------------------------
     0 | Abyss:1  | glosham the Mummy Abyssal Knight began the quest for the
                  | Orb.
     0 | Abyss:1  | Reached XP level 1. HP: 18/18 MP: 2/2
     0 | Abyss:1  | Found a corrupted altar of Lugonu.
    31 | Abyss:1  | Noticed a wraith
    40 | Abyss:1  | Noticed a bone dragon
    81 | Abyss:2  | Noticed a deep elf sorcerer
    85 | Abyss:2  | Noticed a tentacled starspawn
    92 | Abyss:2  | Annihilated by a tentacled starspawn

Levels and vault maps discovered:
Abyss:2

Action                   || total
-------------------------++-------
  Use: Scroll            ||     1
Dodge: Dodged            ||     1

Table legend:
 A = Turns spent in this place as a percentage of turns spent in the entire game.
 B = Non-inter-level travel turns spent in this place as a percentage of non-inter-level travel turns spent in the entire game.
 C = Inter-level travel turns spent in this place as a percentage of turns spent in this place.
 D = Turns resting spent in this place as a percentage of non-inter-level travel turns spent in this place.
 E = Turns spent auto-exploring this place as a percentage of non-inter-level travel turns spent in this place.
 F = Non-inter-level travel turns spent in this place divided by the number of levels of this place that you've seen.
                   A       B       C       D       E      F
               +-------+-------+-------+-------+-------+----------------------
         Total | 100.0 | 100.0 |   0.0 |   0.0 |   0.0 |  46.0
         Abyss | 100.0 | 100.0 |   0.0 |   0.0 |   0.0 |  46.0
               +-------+-------+-------+-------+-------+----------------------

Levels and vault maps discovered:
Abyss:2
